[Event "23rd ETCC Women 2021"]
[Site "Catez"]
[Date "2021.11.21"]
[Round "9.51"]
[White "Bayat, Shohreh"]
[Black "De Seroux, Camille"]
[Result "1/2-1/2"]
[ECO "B27"]
[WhiteElo "2091"]
[BlackElo "2125"]
[Annotator "NA"]
[PlyCount "155"]
[EventDate "2021.11.08"]
[EventType "team-tourn"]
[EventCountry "SLO"]
[SourceTitle "playchess.com"]
[Source "ChessBase"]
[SourceQuality "1"]
[WhiteTeam "England"]
[BlackTeam "Switzerland"]
[WhiteTeamCountry "ENG"]
[BlackTeamCountry "SUI"]
[TimeControl "40/5400+30:1800+30"]

1. e4 c5 2. Nf3 g6 3. c3 d5 4. e5 Nc6 5. d4 Bg7 6. Be2 cxd4 7. cxd4 Bg4 8. Nc3 a6 9. O-O e6 10. Be3 Nge7 11. Qd2 Nf5 12. Rad1 O-O 13. h3 Bxf3 14. Bxf3 f6 15.
exf6 Qxf6 16. Ne2 Rac8 17. Bg5 Qf7 18. Be3 Nh4 19. Bg4 h5 20.
Bg5 Nxg2 21. Bxe6 Qxe6 22. Kxg2 Qf5 23. Bh6 Qf3+ 24. Kh2 Rce8 25. Ng1 Bxh6 26. Qxh6 Qf4+ 27. Qxf4 Rxf4 28. Kg3 Rxd4 29. Nf3 Rxd1 30. Rxd1 Re2 31. Rxd5 Rxb2 32. Rd7 Kf8 33. a4 Rb3 34. Rd5 Ra3 35. Kf4 Rxa4+ 36. Kg5 Ra3 37. Nh4 Ne7 38. Nxg6+ Nxg6 39. Kxg6 Rxh3 40. Rd7 b5 41. f4 h4 42. f5 Rg3+ 43. Kf6 Kg8 44. Rd8+ Kh7 45. Rd4 h3 46. Kf7 Kh6 47. f6 Kg5 48. Rd5+ Kg4 49. Rd4+ Kf5 50. Rh4 a5 51. Rh5+ Kg4 52. Kg6 Kf3+ 53. Kh6 Kg2 54. f7 Rf3 55. Rg5+ Kf2 56. Kg7 h2 57. Rh5 Kg2 58. Rg5+ Rg3 59. Rxg3+ Kxg3 60. f8=Q h1=Q 61. Qd6+ Kg4 62. Qe6+ Kf4 63.
Qd6+ Ke3 64. Qc5+ Kd2 65. Qd6+ Ke2 66. Qe5+ Kf2 67. Qd4+ Kg3 68. Qe5+ Kg4 69. Qe6+ Kf4 70. Qf6+ Ke3 71. Qc3+ Kf2 72. Qd2+ Kg1 73. Qe1+ Kg2 74. Qe4+ Kh2 75. Qh4+ Kg1 76. Qe1+ Kg2 77. Qe4+ Kh2 78. Qh4+ 1/2-1/2

[Event "23rd ETCC Women 2021"]
[Site "Catez"]
[Date "2021.11.21"]
[Round "9.52"]
[White "Tamrazyan, Gohar"]
[Black "Varney, Zoe"]
[Result "0-1"]
[ECO "C45"]
[WhiteElo "1981"]
[BlackElo "1955"]
[Annotator "NA"]
[PlyCount "98"]
[EventDate "2021.11.08"]
[EventType "team-tourn"]
[EventCountry "SLO"]
[SourceTitle "playchess.com"]
[Source "ChessBase"]
[SourceQuality "1"]
[WhiteTeam "Switzerland"]
[BlackTeam "England"]
[WhiteTeamCountry "SUI"]
[BlackTeamCountry "ENG"]
[TimeControl "40/5400+30:1800+30"]

1. e4 e5 2. Nf3 Nc6 3. d4 exd4 4. Nxd4 Nf6 5. Nxc6 bxc6 6.
e5 Qe7 7. Qe2 Nd5 8. h4 Qe6 9. Nd2 a5 10. Nf3 Ba6 11. c4 Bb4+ 12. Bd2 Nb6 13.
b3 d5 14. exd6 cxd6 15. Nd4 Qxe2+ 16. Bxe2 Kd7 17. O-O-O d5 18. Bg4+ Kc7 19. Bf4+ Kb7 20. Bf3 Rac8 21. Nc2 dxc4 22. Nxb4 axb4 23. Rhe1 Rhe8 24. Rxe8 Rxe8 25. Bd6 Rd8 26.
Bxb4 Rxd1+ 27. Kxd1 Nd5 28. Bf8 g6 29. Kc2 Nf4 30. Kd2 Nd3 31.
Ke3 c3 32. Bg7 c2 33. Bb2 Nxb2 34. Kd2 Nd3 35. Kxc2 Ne1+ 36. Kd2 Nxf3+ 37. gxf3 c5 38. Ke3 Kc6 39. Kf4 f6 40. Ke4 Bc8 41. f4 Bf5+ 42. Ke3 Kb5 43. Kd2 Kb4 44. f3 Bb1 45. Ke3 f5 46. a4 Bc2 47. a5 Kxa5 48.
Kd2 Bxb3 49. Kc3 Bd5 0-1

[Event "23rd ETCC Women 2021"]
[Site "Catez"]
[Date "2021.11.21"]
[Round "9.53"]
[White "Stojkovska, Monika"]
[Black "Ptacnikova, Lenka"]
[Result "0-1"]
[ECO "B43"]
[WhiteElo "2066"]
[BlackElo "2200"]
[Annotator "NA"]
[PlyCount "82"]
[EventDate "2021.11.08"]
[EventType "team-tourn"]
[EventCountry "SLO"]
[SourceTitle "playchess.com"]
[Source "ChessBase"]
[SourceQuality "1"]
[WhiteTeam "Macedonia"]
[BlackTeam "Iceland"]
[WhiteTeamCountry "MKD"]
[BlackTeamCountry "ISL"]
[TimeControl "40/5400+30:1800+30"]

1. e4 c5 2. Nf3 e6 3. d4 cxd4 4. Nxd4 a6 5. Nc3 b5 6. Bd3 Qb6 7. Nb3 Bb7 8. Be3 Qc7 9. f4 Nf6 10. Qf3 Bb4 11. Bd2 d5 12. exd5 exd5 13. Qe2+ Be7 14. O-O O-O 15. Qe5 Bd6 16. Qf5 Nbd7 17. a3 Rfe8 18. Kh1 Nb6 19. Rae1 Nc4 20. Bc1 Rad8 21. Nd4 Nxa3 22. Nxd5 Bxd5 23. Rxe8+ Rxe8 24. bxa3 Qc3 25. Ne2 Qc6 26. Qh3 Bc5 27. Nc3 Be6 28. Qf3 Qxf3 29. Rxf3 Bf5 30. Bd2 Bd7 31. Nb1 Bc6 32. Rf1 Ng4 33. h3 Nf2+ 34. Kh2 Nxd3 35. cxd3 Re2 36. h4 Rxg2+ 37. Kh3 Rg6 38. Rc1 Bg1 39. Rxc6 Rxc6 40. Nc3 Bc5 41. Nd5 Rd6 0-1

[Event "23rd ETCC Women 2021"]
[Site "Catez"]
[Date "2021.11.21"]
[Round "9.54"]
[White "Johannsdottir, Johanna Bjorg"]
[Black "Bejatovic, Bojana"]
[Result "1/2-1/2"]
[ECO "B40"]
[WhiteElo "1952"]
[BlackElo "2031"]
[Annotator "NA"]
[PlyCount "84"]
[EventDate "2021.11.08"]
[EventType "team-tourn"]
[EventCountry "SLO"]
[SourceTitle "playchess.com"]
[Source "ChessBase"]
[SourceQuality "1"]
[WhiteTeam "Iceland"]
[BlackTeam "Macedonia"]
[WhiteTeamCountry "ISL"]
[BlackTeamCountry "MKD"]
[TimeControl "40/5400+30:1800+30"]

1. e4 c5 2. Nf3 e6 3. g3 d5 4. exd5 exd5 5. d4 Nc6 6. Bg2 Nf6 7. O-O Be7 8. dxc5 Bxc5 9. Bg5 Be6 10. Nc3 d4 11. Ne4 Be7 12. Nxf6+ Bxf6 13. Bxf6 Qxf6 14. Qd3 O-O 15. Qb5 Rab8 16. Rfe1 Rfc8 17. Nd2 Qf5 18. Qxf5 Bxf5 19. Nb3 Bxc2 20. Bxc6 Bxb3 21. Bxb7 Rxb7 22. axb3 d3 23. Kg2 g6 24. Red1 Rxb3 25. Rxa7 Rc2 26. Ra2 Kg7 27. Kf3 Kf6 28. Ke3 d2+ 29. Ke2 Rbxb2 30. Rxb2 Rxb2 31. Rxd2 Rxd2+ 32. Kxd2 Kf5 33. Ke3 Kg4 34. h4 f5 35. Ke2 f4 36. gxf4 Kxh4 37. Kf3 Kh3 38. f5 gxf5 39. Kf4 Kg2 40. Kxf5 h5 41. Kg5 h4 42. Kxh4 Kxf2 1/2-1/2

[Event "23rd ETCC Women 2021"]
[Site "Catez"]
[Date "2021.11.21"]
[Round "9.55"]
[White "Nikolovska, Dragana"]
[Black "Acevedo Mendez, Lisseth"]
[Result "1-0"]
[ECO "B22"]
[WhiteElo "1877"]
[BlackElo "1803"]
[Annotator "NA"]
[PlyCount "91"]
[EventDate "2021.11.08"]
[EventType "team-tourn"]
[EventCountry "SLO"]
[SourceTitle "playchess.com"]
[Source "ChessBase"]
[SourceQuality "1"]
[WhiteTeam "Macedonia"]
[BlackTeam "Iceland"]
[WhiteTeamCountry "MKD"]
[BlackTeamCountry "ISL"]
[TimeControl "40/5400+30:1800+30"]

1. e4 c5 2. c3 Nf6 3. e5 Nd5 4. d4 cxd4 5. Nf3 Nc6 6. cxd4 d6 7. Bc4 dxe5 8.
Nxe5 e6 9. O-O Qc7 10. Bxd5 exd5 11. Re1 Be6 12. Bf4 Qb6 13. Nxc6 Qxc6 14. Nc3 Bb4 15. Rc1 O-O 16. Qf3 Qd7 17. Qg3 Rfe8 18. Bh6 Bf8 19. Bf4 Rac8 20. Be5 g6 21. Ne2 Rxc1 22. Rxc1 Rc8 23. Rxc8 Qxc8 24. h4 h5 25. Nf4 Kh7 26. Qg5 Bh6 27. Qf6 Qg8 28. Nxe6 fxe6 29. Qe7+ Bg7 30. Qxb7 Kh8 31. Qxa7 Bxe5 32. dxe5 Qc8 33. Qd4 Qc2 34. a4 Qb3 35. a5 Qa2 36. b4 Kg8 37. Qc3 Qa4 38. g3 Kf7 39. Qc7+ Ke8 40.
Qb6 Qa1+ 41. Kh2 Qxe5 42. a6 Qa1 43. a7 Qa2 44. Qxe6+ Kf8 45. Qf6+ Ke8 46. a8=Q+ 1-0

[Event "23rd ETCC Women 2021"]
[Site "Catez"]
[Date "2021.11.21"]
[Round "9.56"]
[White "Hauksdottir, Hrund"]
[Black "Manova, Ivana"]
[Result "1-0"]
[ECO "C54"]
[WhiteElo "1731"]
[BlackElo "1809"]
[Annotator "NA"]
[PlyCount "89"]
[EventDate "2021.11.08"]
[EventType "team-tourn"]
[EventCountry "SLO"]
[SourceTitle "playchess.com"]
[Source "ChessBase"]
[SourceQuality "1"]
[WhiteTeam "Iceland"]
[BlackTeam "Macedonia"]
[WhiteTeamCountry "ISL"]
[BlackTeamCountry "MKD"]
[TimeControl "40/5400+30:1800+30"]

1. e4 e5 2. Nf3 Nc6 3. Bc4 Bc5 4. O-O Nf6 5. d3 d6 6. c3 O-O 7. a4 a5 8. Re1 h6 9. h3 Be6 10. Nbd2 Re8 11. Bxe6 Rxe6 12. Nf1 d5 13. Qc2 d4 14. Ng3 Qd7 15. Nf5 dxc3 16. bxc3 Rd8 17. Be3 Bxe3 18. Rxe3 g6 19. Nxh6+ Kg7 20. Nxf7 Qxf7 21. Ng5 Qe7 22. Nxe6+ Qxe6 23. Rd1 Nh5 24. d4 Nf4 25. d5 Qd7 26. Rb1 Ne7 27. Rxb7 g5 28. c4 Kf6 29. c5 Qc8 30. Rb5 g4 31. h4 c6 32. Rb6 Nexd5 33. exd5 Nxd5 34. Reb3 Nxb6 35. cxb6 Qb7 36. Qc1 Rd4 37. Qg5+ Ke6 38. Qg8+ Kf5 39. h5 Rd6 40. f3 e4 41. Qxg4+ Kf6 42. Qg6+ Ke5 43. Qxe4+ Kf6 44. Qg6+ Ke5 45. f4+ 1-0

[Event "23rd ETCC Women 2021"]
[Site "Catez"]
[Date "2021.11.21"]
[Round "9.57"]
[White "Goossens, Hanne"]
[Black "Dolzhikova, Olga"]
[Result "1/2-1/2"]
[ECO "B15"]
[WhiteElo "2126"]
[BlackElo "2187"]
[Annotator "NA"]
[PlyCount "99"]
[EventDate "2021.11.08"]
[EventType "team-tourn"]
[EventCountry "SLO"]
[SourceTitle "playchess.com"]
[Source "ChessBase"]
[SourceQuality "1"]
[WhiteTeam "Belgium"]
[BlackTeam "Norway"]
[WhiteTeamCountry "BEL"]
[BlackTeamCountry "NOR"]
[TimeControl "40/5400+30:1800+30"]

1. e4 g6 2. d4 Bg7 3. Nc3 c6 4. h3 d5 5. Nf3 Nf6 6. e5 Ne4 7. Nxe4 dxe4 8. Ng5 c5 9. dxc5 Qxd1+ 10. Kxd1 Bxe5 11. Nxe4 Be6 12. Bd3 Nc6 13. c3 O-O-O 14. Kc2 f5 15. Ng5 Bd5 16. Re1 Bf6 17. Ne6 Rd7 18. f3 Ne5 19. Nf4 Nxd3 20. Nxd3 Bc4 21. Ne5 Bxe5 22. Rxe5 Bf1 23. Bg5 Bxg2 24. Re3 Rhd8 25. Rae1 Rd2+ 26. Kc1 R2d3 27. f4 R8d7 28. Bxe7 Rxe3 29. Rxe3 Bxh3 30. Bd6 Bg2 31. Re8+ Rd8 32. Re7 Rd7 33. Re8+ Rd8 34. Re7 Rd7 35. Re6 Rf7 36. b3 Kd7 37. Re5 Be4 38. Kd2 h5 39.
Ke1 h4 40. Kf2 Rg7 41. c4 g5 42. fxg5 Rxg5 43. Re7+ Kd8 44. Rh7 Rg2+ 45. Ke3 Rxa2 46. Rxh4 Kd7 47. Kd4 Ke6 48. Rh6+ Kf7 49. Rh3 Kf6 50. Bf4 1/2-1/2

[Event "23rd ETCC Women 2021"]
[Site "Catez"]
[Date "2021.11.21"]
[Round "9.58"]
[White "Machlik, Monika"]
[Black "Barbier, Wiebke"]
[Result "1-0"]
[ECO "A41"]
[WhiteElo "2096"]
[BlackElo "1964"]
[Annotator "NA"]
[PlyCount "55"]
[EventDate "2021.11.08"]
[EventType "team-tourn"]
[EventCountry "SLO"]
[SourceTitle "playchess.com"]
[Source "ChessBase"]
[SourceQuality "1"]
[WhiteTeam "Norway"]
[BlackTeam "Belgium"]
[WhiteTeamCountry "NOR"]
[BlackTeamCountry "BEL"]
[TimeControl "40/5400+30:1800+30"]

1. d4 d6 2. Nf3 Bg4 3. e4 Nf6 4. Nc3 e6 5. h3 Bh5 6. Qe2 c6 7. g4 Bg6 8. h4 h5 9. g5 Nfd7 10. Bh3 Be7 11. O-O d5 12. Re1 dxe4 13.
Nxe4 O-O 14. Bf4 Nb6 15. Bh2 Na6 16. a3 Nc7 17. Ne5 Bxe4 18.
Qxe4 Nb5 19. Nxf7 Qxd4 20. Bxe6 Qxe4 21. Rxe4 g6 22. a4 Nc3 23. Nh6+ Kh7 24. bxc3 Bc5 25. Bg3 Rae8 26. Rd1 Nxa4 27. Rd7+ Kh8 28. Be5+ 1-0

[Event "23rd ETCC Women 2021"]
[Site "Catez"]
[Date "2021.11.21"]
[Round "9.59"]
[White "Vanduyfhuys, Daria"]
[Black "Machlik, Edit"]
[Result "0-1"]
[ECO "E16"]
[WhiteElo "1933"]
[BlackElo "2087"]
[Annotator "NA"]
[PlyCount "112"]
[EventDate "2021.11.08"]
[EventType "team-tourn"]
[EventCountry "SLO"]
[SourceTitle "playchess.com"]
[Source "ChessBase"]
[SourceQuality "1"]
[WhiteTeam "Belgium"]
[BlackTeam "Norway"]
[WhiteTeamCountry "BEL"]
[BlackTeamCountry "NOR"]
[TimeControl "40/5400+30:1800+30"]

1. d4 Nf6 2. c4 e6 3. Nf3 Bb4+ 4. Bd2 a5 5. g3 b6 6. Bg2 Bb7 7. O-O O-O 8.
Nc3 d6 9. Qc2 Nbd7 10. Rfd1 Bxc3 11. Bxc3 Be4 12. Qd2 Qb8 13. Bh3 b5 14. d5 e5 15. Qe3 Nb6 16. Nd2 Bg6 17. b3 Nbxd5 18. cxd5 Nxd5 19. Qg5 Nxc3 20. Re1 h6 21. Qg4 d5 22. Bg2 c6 23. f4 exf4 24. gxf4 Qc8 25. Qg3 b4 26. e4 dxe4 27. Nxe4 Nxe4 28. Bxe4 Bxe4 29. Rxe4 Re8 30. Rc4 Qd7 31. Qg2 Rac8 32. Rac1 c5 33. Qf2 Qg4+ 34. Qg3 Qf5 35. Qf2 Qg4+ 36. Qg3 Qxg3+ 37. hxg3 Re2 38. R1c2 Rxc2 39. Rxc2 Kf8 40. Kf2 Ke7 41. Ke3 Kd6 42. Kd3 Re8 43. Rc1 Kd5 44. Rh1 Kc6 45. Kd2 a4 46. Kd3 Rd8+ 47. Kc2 axb3+ 48. axb3 Ra8 49. Kb2 Re8 50. Rh2 Re3 51. Rg2 Kd5 52. Kc2 Ke4 53. Rg1 Re2+ 54. Kd1 Rb2 55. Re1+ Kd4 56. Re7 Rxb3 0-1

[Event "23rd ETCC Women 2021"]
[Site "Catez"]
[Date "2021.11.21"]
[Round "9.60"]
[White "Rodsmoen, Maud"]
[Black "Barbier, Astrid"]
[Result "1-0"]
[ECO "C87"]
[WhiteElo "1953"]
[BlackElo "1915"]
[Annotator "NA"]
[PlyCount "95"]
[EventDate "2021.11.08"]
[EventType "team-tourn"]
[EventCountry "SLO"]
[SourceTitle "playchess.com"]
[Source "ChessBase"]
[SourceQuality "1"]
[WhiteTeam "Norway"]
[BlackTeam "Belgium"]
[WhiteTeamCountry "NOR"]
[BlackTeamCountry "BEL"]
[TimeControl "40/5400+30:1800+30"]

1. e4 e5 2. Nf3 Nc6 3. Bb5 Nf6 4. O-O a6 5. Ba4 Be7 6. Re1 d6 7. c3 b5 8. Bc2 O-O 9. a4 Bd7 10. d3 Na5 11. b4 Nb7 12. d4 exd4 13.
cxd4 a5 14. e5 Ne8 15. Be4 c6 16. axb5 d5 17. bxc6 dxe4 18. cxd7 exf3 19. dxe8=Q Rxe8 20. bxa5 Nxa5 21. Bd2 fxg2 22. Qa4 Nc4 23. Qxa8 Qxa8 24. Rxa8 Rxa8 25. Bc3 Kf8 26. Kxg2 Ra2 27. Kf3 Ke8 28. d5 Rc2 29. Re4 Nb6 30. d6 Bd8 31. Re2 Rc1 32. Rb2 Nd5 33.
Bd4 Bg5 34. Ke4 Nf4 35. Be3 Rc4+ 36. Kf3 Ne6 37. Nd2 Rc8 38. Rb7 Rc3 39. Ne4 Ra3 40. Nxg5 Nxg5+ 41. Kf4 Ne6+ 42. Ke4 Ra8 43. Bb6 h6 44. Kd5 Nd8 45. d7+ Kf8 46. Bxd8 Rxd8 47. Kd6 f6 48. e6 1-0